 Dungeon Crawl Stone Soup version 0.30-a0-711-gf4ac18a38d (webtiles) character file.

Game seed: 14124110037922382705

4279 lesbiats the Destroyer (level 10, -1/86 HPs)
             Began as a Green Draconian Conjurer on Jan 22, 2023.
             Was a Believer of the Shining One.
             Slain by a catoblepas (30 damage)
             ... on level 8 of the Dungeon on Jan 23, 2023.
             The game lasted 00:35:53 (12449 turns).

lesbiats the Destroyer (Green Draconian Conjurer)  Turns: 12449, Time: 00:35:54

Health: -1/86      AC:  7    Str: 17    XL:     10   Next: 10%
Magic:  15/28      EV: 13    Int: 30    God:    the Shining One [**....]
Gold:   440        SH:  0    Dex:  8    Spells: 16/22 levels left

rFire   . . .      SeeInvis .    G - +6 war axe of Oenomania {freeze, Int+8 Dex-5}
rCold   . . .      Faith    .    (no shield)
rNeg    + . .      Spirit   .    (body armour unavailable)
rPois   +          Reflect  .    (helmet restricted)
rElec   .          Harm     .    (no cloak)
rCorr   .          Rampage  .    (no gloves)
Will    +....                    (no boots)
Stlth   +                        (no amulet)
HPRegen 0.34/turn                L - ring of willpower
MPRegen 0.21/turn                w - ring "Koemo" {*Slow rPois MP+9 Str+7 Dex+3}

@: about to teleport, glowing
A: breathe noxious fumes, AC +7, unfitting armour, poison resistance,
cold-blooded
a: Breathe Noxious Fumes, Renounce Religion, Divine Shield


You were on level 8 of the Dungeon.
You worshipped the Shining One.
The Shining One was pleased with you.
You visited 2 branches of the dungeon, and saw 9 of its levels.

You collected 488 gold pieces.
You spent 48 gold pieces at shops.

Inventory:

Hand Weapons
 g - a +1 falchion of holy wrath
 t - a +4 spear of pain
 v - a +1 flail of protection
 C - the +5 woodcutter's axe
   (You found it on level 6 of the Dungeon)
 G - the +6 war axe of Oenomania (weapon) {freeze, Int+8 Dex-5}
   (You found it on level 7 of the Dungeon)

   Int:       It affects your intelligence (+8).
   Dex:       It affects your dexterity (-5).
Missiles
 k - 5 atropa-tipped darts
 n - 25 poisoned darts
 p - 3 curare-tipped darts
 y - 2 throwing nets
 K - 3 boomerangs
Armour
 l - a +0 tower shield
Magical Staves
 s - a staff of earth
 x - a staff of cold
Jewellery
 w - the ring "Koemo" (right hand) {*Slow rPois MP+9 Str+7 Dex+3}
   (You found it on level 5 of the Dungeon)

   [ring of magical power]

   Str:       It affects your strength (+7).
   Dex:       It affects your dexterity (+3).
   rPois:     It protects you from poison.
   MP:        It affects your magic capacity (+9).
   *Slow:     It may slow you when you take damage.
 L - a ring of willpower (left hand)
Wands
 z - a wand of digging (3)
 E - a wand of light (10)
 J - a wand of mindburst (23)
Scrolls
 b - 4 scrolls of teleportation
 d - 2 scrolls of noise
 h - 3 scrolls of silence
 j - a scroll of poison {unknown}
 o - a scroll of amnesia {unknown}
 q - a scroll of immolation {unknown}
 r - a scroll of torment {unknown}
 u - a scroll of fear {unknown}
 I - a scroll of enchant armour {unknown}
Potions
 a - a potion of magic
 c - a potion of heal wounds
 e - a potion of degeneration
 f - a potion of cancellation
 i - 2 potions of mutation
 m - a potion of lignification
 A - a potion of might
 B - a potion of haste {unknown}
 D - 2 potions of curing
 F - a potion of flight {unknown}
 H - a potion of berserk rage {unknown}


   Skills:
 + Level 7.1 Fighting
 + Level 6.2 Dodging
 - Level 1.7 Stealth
 + Level 6.6 Spellcasting
 * Level 10.0 Conjurations


You had 16 spell levels left.
You knew the following spells:

 Your Spells              Type           Power      Damage    Failure   Level
a - Magic Dart            Conj           100%       1d8       1%          1
b - Searing Ray           Conj           100%       2d8       1%          2
c - Dazzling Flash        Conj/Hex       78%        N/A       1%          3

Your spell library contained the following spells:

 Spells                   Type           Power      Damage    Failure   Level
 Hailstorm                Conj/Ice       39%        3d9       1%          3
 Beastly Appendage        Tmut           18%        N/A       4%          1
 Freeze                   Ice            36%        1d5       4%          1
 Fulminant Prism          Conj/Hex       19%        3d10      6%          4
 Iskenderun's Mystic Bla  Conj/Tloc      39%        2d9       6%          4
 Wereblood                Tmut           9%         N/A       8%          2
 Frozen Ramparts          Ice            18%        1d3       16%         3
 Spider Form              Tmut/Pois      9%         N/A       16%         3
 Starburst                Conj/Fire      19%        6d7       69%         6


Dungeon Overview and Level Annotations

Branches:
Dungeon (8/15)             Temple (1/1) D:4
   Lair: D:8-11

Altars:
Cheibriados
Dithmenos
Elyvilon
Fedhas
Gozag
Hepliaklqana
Kikubaaqudgha
Makhleb
Nemelex Xobeh
Okawaru
Qazlal
Ru
Sif Muna
Trog
Xom
Yredelemnul
Zin
The Shining One

Shops:
D:6 *


Innate Abilities, Weirdness & Mutations

You can breathe blasts of noxious fumes.
Your lurid green scales are hard. (AC +7)
You cannot fit into any form of body armour.
Your system is resistant to poisons. (rPois)
You are cold-blooded and may be slowed by cold attacks.


Message History

The searing ray hits the catoblepas.
The catoblepas is lightly wounded.
The catoblepas gores you!!
The searing ray hits the catoblepas.
The catoblepas is lightly wounded.
The catoblepas misses you.
The searing ray hits the catoblepas but does no damage.
The catoblepas is lightly wounded.
You finish channelling your searing ray.
The catoblepas gores you! The catoblepas barely misses you.
Casting: Searing Ray (safe; 1% risk of failure)
Confirm with . or Enter, or press ? or * to list all spells.
Aiming: Searing Ray (safe; 1% risk of failure)
Press: ? - help, Shift-Dir - straight line, f/p - catoblepas
Aim: a catoblepas (lightly wounded, blind, haloed, 100% to hit)
The searing ray hits the catoblepas but does no damage.
The catoblepas is lightly wounded. (Press . to maintain the ray.)
The catoblepas closely misses you.
The searing ray hits the catoblepas.
The catoblepas is lightly wounded.
The catoblepas is no longer blind.
The catoblepas barely misses you.
The searing ray hits the catoblepas but does no damage.
The catoblepas is lightly wounded.
The catoblepas gores you!!
Casting: Searing Ray (safe; 1% risk of failure)
Confirm with . or Enter, or press ? or * to list all spells.
Casting: Dazzling Flash (safe; 1% risk of failure)
Press: ? - help, Dir - look around, f - activate The catoblepas gores you!!
* * * LOW HITPOINT WARNING * * *
You feel much better. The catoblepas misses you.
As you read the scroll of teleportation, it crumbles to dust.
You feel strangely unstable.
The catoblepas breathes a plume of calcifying dust at you.
The blast of calcifying dust hits you.
The catoblepas attacks as you move away!
The catoblepas gores you!!
You die...

#.# #.#.##
##.#####..#.#
#.##.###.........).#
.. ##...###..##..###
#############.##..#
#..........##..#
#..##.#.#.####..# #
#.###### #..#
##.#ยง#.# ##.#@##
####Y# #.## #. ..
###


You could see a catoblepas.

Vanquished Creatures
  A two-headed ogre (D:8)
  An unseen horror (D:7)
  A troll (D:7)
  Grinder (D:6)
  A slime creature (D:7)
  A steam dragon (D:7)
  A vampire mosquito (D:7)
  A water moccasin (D:7)
  2 ice beasts (D:5)
  An orc warrior (D:8)
  A black bear (D:5)
  2 ogres
  A phantom (D:4)
  Blork the orc (D:6)
  A necrophage (D:5)
  A kobold brigand (D:7)
  3 bullfrogs
  A gnoll sergeant (D:5)
  3 wights
  3 howler monkeys
  7 hounds
  4 orc priests
  A gnoll bouda (D:8)
  2 jellies (D:7)
  4 iguanas
  7 orc wizards
  23 gnolls
  10 adders
  A white imp (D:5)
  An ufetubus (D:4)
  3 worms
  2 dart slugs
  24 orcs
  7 endoplasms
  5 giant cockroaches
  9 goblins
  11 hobgoblins
  8 jackals
  10 kobolds
  8 quokkas
  10 ball pythons
  4 bats
  6 frilled lizards
  6 rats
201 creatures vanquished.

Vanquished Creatures (others)
  6 plants (D:7)
6 creatures vanquished.

Grand Total: 207 creatures vanquished

Notes
Turn   | Place    | Note
-------+----------+-------------------------------------------
     0 | D:1      | lesbiats the Draconian Conjurer began the quest for the
                  | Orb.
     0 | D:1      | Reached XP level 1. HP: 14/14 MP: 3/3
   142 | D:1      | Reached XP level 2. HP: 22/22 MP: 0/5
   744 | D:1      | Reached skill level 1 in Fighting
   895 | D:1      | Learned a level 2 spell: Searing Ray
   959 | D:1      | Reached XP level 3. HP: 28/28 MP: 3/6
  1216 | D:1      | Learned a level 3 spell: Dazzling Flash
  1918 | D:2      | Reached XP level 4. HP: 35/35 MP: 1/8
  2825 | D:3      | You fall into a shaft and drop 1 floor!
  3125 | D:3      | Reached XP level 5. HP: 40/41 MP: 7/10
  3207 | D:3      | Found a burning altar of Makhleb.
  3207 | D:3      | Found a glowing golden altar of the Shining One.
  3315 | D:3      | Found a shadowy altar of Dithmenos.
  4074 | D:4      | Found a staircase to the Ecumenical Temple.
  4086 | Temple   | Entered the Ecumenical Temple
  4369 | D:3      | Became a worshipper of the Shining One
  4818 | D:4      | Noticed a phantom
  4833 | D:4      | Killed a phantom
  4834 | D:4      | Reached skill level 5 in Conjurations
  4834 | D:4      | Reached XP level 6. HP: 48/50 MP: 0/11
  5388 | D:5      | Entered Level 5 of the Dungeon
  5627 | D:5      | Noticed an ice beast
  5644 | D:5      | Killed an ice beast
  5645 | D:5      | Your scales start taking on a lurid green colour.
  5645 | D:5      | Reached XP level 7. HP: 52/57 MP: 6/13
  5645 | D:5      | Gained mutation: Your system is resistant to poisons.
                  | (rPois) [Green Draconian growth]
  5736 | D:5      | Reached skill level 6 in Conjurations
  6191 | D:5      | Identified the ring "Koemo" {*Slow rPois MP+9 Str+7 Dex+3}
  6636 | D:6      | Noticed Grinder
  6672 | D:6      | Reached * piety under the Shining One
  7002 | D:5      | Reached XP level 8. HP: 52/66 MP: 12/15
  7989 | D:5      | Reached skill level 7 in Conjurations
  8136 | D:6      | Found a snail-covered altar of Cheibriados.
  8145 | D:6      | Killed Grinder
  8146 | D:6      | Reached skill level 5 in Spellcasting
  8293 | D:5      | Reached skill level 5 in Fighting
  8614 | D:6      | Noticed Blork the orc
  8888 | D:6      | Reached skill level 8 in Conjurations
  8888 | D:6      | Killed Blork the orc
  8889 | D:6      | Reached skill level 5 in Dodging
  9083 | D:6      | Found the +5 woodcutter's axe
  9094 | D:6      | Found an opulent altar of Gozag.
  9271 | D:6      | Found Yreliky's Serpentskin Sales.
  9315 | D:6      | Bought 5 poisoned darts for 30 gold pieces
  9315 | D:6      | Bought 3 poisoned darts for 18 gold pieces
  9615 | D:7      | Reached XP level 9. HP: 16/74 MP: 12/17
  9929 | D:7      | Noticed a two-headed ogre
 10314 | D:7      | Identified the +6 war axe of Oenomania {freeze, Int+8
                  | Dex-5}
 10491 | D:7      | Reached ** piety under the Shining One
 10610 | D:7      | Reached skill level 9 in Conjurations
 10631 | D:7      | Noticed an unseen horror
 10644 | D:7      | Killed an unseen horror
 10934 | D:7      | Noticed a troll
 10947 | D:7      | Killed a troll
 11668 | D:8      | Noticed a two-headed ogre
 11678 | D:8      | Killed a two-headed ogre
 11679 | D:8      | Reached XP level 10. HP: 13/86 MP: 11/19
 12125 | D:8      | Reached skill level 10 in Conjurations
 12435 | D:8      | Noticed a catoblepas
 12449 | D:8      | Slain by a catoblepas

Illustrated notes

Levels and vault maps discovered:
D:1:      lightli_arrival_isolated_outpost, layout_basic
D:2:      layout_loops_cross, minmay_tromino_i4
D:3:      minmay_evil_eye, layout_basic, grunt_dithmenos_smoke_and_mirrors,
          gammafunk_temple_overflow_statue
D:4:      layout_loops_corners, minmay_temple_entry_antechambers,
          hangedman_minor_gate_pass
D:5:      layout_loops_ring
D:6:      layout_cave_pools, grunt_gozag_breadcrumbs, overflow_temple_1_default,
          guppyfry_shop_venom, uniq_grinder, uniq_blork_the_orc
D:7:      layout_basic, st_stairs_10, minmay_shattered_shrine
D:8:      layout_loops_ring, minmay_overflow_temple_star_quad,
          nzn_ghost_randoct, nrook_campfire, minmay_small_thing
Temple:   nicolae_temple_bog_church

Skill      XL: |  1  2  3  4  5  6  7  8  9 10 |
---------------+-------------------------------+-----
Dodging        | 2 3 4 5 6 |  6.2
Fighting       | 1 2 3 4 5 7 |  7.1
Spellcasting   | 3 4 5 6 |  6.6
Conjurations   | 5 6 8 9 10 | 10.0
Stealth        | |  1.7

Action                     |  1- 3 |  4- 6 |  7- 9 | 10-12 || total
---------------------------+-------+-------+-------+-------++-------
  Melee: Unarmed           |    46 |       |       |       ||    46
         Tailslap          |     9 |     8 |    17 |       ||    34
         Falchion          |     1 |    60 |    23 |       ||    84
         Punch             |       |     1 |     1 |       ||     2
         Flail             |       |       |    29 |       ||    29
         Battleaxe         |       |       |    18 |       ||    18
         War axe           |       |       |    29 |    10 ||    39
  Throw: Dart              |       |     2 |     5 |       ||     7
   Cast: Magic Dart        |    92 |    70 |    91 |    11 ||   264
         Searing Ray       |     1 |    11 |    30 |     9 ||    51
         Dazzling Flash    |       |       |       |     2 ||     2
Ability: Breathe Noxious F |       |       |     1 |       ||     1
    Use: Scroll            |     4 |     2 |     3 |     3 ||    12
         Potion            |       |       |     1 |     1 ||     2
 Armour: Skin              |    15 |    30 |    74 |     5 ||   124
  Dodge: Dodged            |    48 |    87 |   185 |    20 ||   340

Table legend: (Time is in decaauts)
 A = Elapsed time spent in this place.
 B = Non-inter-level travel time spent in this place.
 C = Inter-level travel time spent in this place.
 D = Time resting spent in this place.
 E = Time spent auto-exploring this place.
 F = Levels seen in this place.
 G = Mean time per level.
                   A        B        C        D        E       F      G
               +--------+--------+--------+--------+--------+-----+--------+
         Total |  12529 |  11041 |   1488 |   3667 |   5546 |   9 | 1392.1 |
       Dungeon |  12299 |  10847 |   1452 |   3667 |   5364 |   8 | 1537.4 |
        Temple |    229 |    193 |     36 |      0 |    181 |   1 |  229.0 |
               +--------+--------+--------+--------+--------+-----+--------+

Top non-repeatable levels by time:
     D:5: 2922 daAuts
     D:7: 1799 daAuts
     D:6: 1595 daAuts
     D:1: 1567 daAuts
     D:4: 1546 daAuts
     D:2: 1133 daAuts
     D:3: 939 daAuts
     D:8: 795 daAuts
  Temple: 229 daAuts
